 Dungeon Crawl Stone Soup version 0.26-a0-651-gb41185065b (webtiles) character file.

Game seed: 4250898290755395221

14 lunkers the Chiller (level 2, 0/19 HPs)
             Began as a Demonspawn Ice Elementalist on Sept 29, 2020.
             Slain by a gnoll
             ... wielding a +0 halberd
              (2 damage)
             ... on level 1 of the Dungeon.
             The game lasted 00:01:20 (695 turns).

lunkers the Chiller (Demonspawn Ice Elementalist)    Turns: 695, Time: 00:01:20

Health: 0/19       AC:  5    Str:  8    XL:     2   Next: 31%
Magic:  2/5        EV: 12    Int: 16    God:
Gold:   34         SH:  0    Dex: 13    Spells: 4/5 levels left

rFire    . . .     SeeInvis +   (no weapon)
rCold    . . .     Faith    .   (no shield)
rNeg     . . .     Spirit   .   a - +0 robe
rPois    .         Reflect  .   (no helmet)
rElec    .         Harm     .   h - +2 cloak
rCorr    .         Rampage  .   (no gloves)
MR       .....                  (no boots)
Stlth    ++........             (no amulet)
HPRegen  0.06/turn              d - ring of see invisible
MPRegen  0.09/turn              (no ring)

@: no status effects
A: powered by death 1
a: no special abilities


You were on level 1 of the Dungeon.
You visited 1 branch of the dungeon, and saw 1 of its levels.

You collected 34 gold pieces.

Inventory:

Armour
 a - a +0 robe (worn)
 g - a +0 cloak
 h - a +2 cloak (worn)
Jewellery
 c - an uncursed amulet of guardian spirit
 d - a ring of see invisible (left hand)
Scrolls
 b - 2 scrolls of teleportation {unknown}
 e - a scroll of noise {unknown}
 f - 3 scrolls of identify {unknown}


   Skills:
 - Level 1.7 Dodging
 - Level 1.7 Stealth
 + Level 2.3 Spellcasting
 * Level 4.0 Ice Magic


You had 4 spell levels left.
You knew the following spells:

 Your Spells              Type           Power        Failure   Level
a - Freeze                Ice            ##..         3%          1

Your spell library contained the following spells:

 Spells                   Type           Power        Failure   Level
 Frozen Ramparts          Ice            ##....       12%         3
 Ozocubu's Armour         Ice            ##......     12%         3
 Hailstorm                Conj/Ice       #.......     65%         4
 Summon Ice Beast         Ice/Summ       #.......     65%         4


Dungeon Overview and Level Annotations

Branches:
Dungeon (1/15)

Altars:


Innate Abilities, Weirdness & Mutations

You regenerate a little health from kills.


Message History

The gnoll hits you with a +0 halberd!
* * * LOW HITPOINT WARNING * * *
Casting: Freeze (safe; 3% risk of failure)
Confirm with . or Enter, or press ? or * to list all spells.
Aiming: Freeze (safe; 3% risk of failure)
Press: ? - help, Shift-Dir - straight line, f - gnoll
Aim: a gnoll, wielding a +0 halberd You freeze the gnoll.
The gnoll is moderately wounded.
The gnoll hits you with a +0 halberd!
* * * LOW HITPOINT WARNING * * *
Casting: Freeze (safe; 3% risk of failure)
Confirm with . or Enter, or press ? or * to list all spells.
Aiming: Freeze (safe; 3% risk of failure)
Press: ? - help, Shift-Dir - straight line, f/p - gnoll
Aim: a gnoll, wielding a +0 halberd (moderately wounded)
You freeze the gnoll.
The gnoll is severely wounded.
The gnoll hits you with a +0 halberd.
You die...

#.# #.. ### #.. #.#
..# #.# ... #.# #.#
#g# #.# #####
#@########.###....
#............#.###
########.......#
##......#####
##...>...#..†.
#.............
##.......#.###
############......#.#
#...........#.)...#.#


You could see a gnoll.

Vanquished Creatures
  A goblin (D:1)
  2 hobgoblins (D:1)
  2 bats (D:1)
  2 frilled lizards (D:1)
  5 kobolds (D:1)
  3 rats (D:1)
15 creatures vanquished.

Notes
Turn   | Place    | Note
-------+----------+-------------------------------------------
     0 | D:1      | lunkers the Demonspawn Ice Elementalist began the quest for
                  | the Orb.
     0 | D:1      | Reached XP level 1. HP: 13/13 MP: 3/3
   320 | D:1      | Gained mutation: You regenerate a little health from kills.
                  | [demonic ancestry]
   320 | D:1      | Reached XP level 2. HP: 12/19 MP: 0/5
   566 | D:1      | Reached skill level 4 in Ice Magic
   695 | D:1      | Slain by a gnoll

Illustrated notes

Levels and vault maps discovered:
D:1:      eino_arrival_cavern_c, layout_loops_ring, minmay_bisected

Skill      XL: |  1  2 |
---------------+-------+-----
Ice Magic      | 4 |  4.0
Dodging        | |  1.7
Stealth        | |  1.7
Spellcasting   | |  2.3

Action                   || total
-------------------------++-------
Melee: Unarmed           ||     9
 Cast: Freeze            ||    20
Armor: Robe              ||     3
Dodge: Dodged            ||    18

Table legend: (Time is in decaauts)
 A = Elapsed time spent in this place.
 B = Non-inter-level travel time spent in this place.
 C = Inter-level travel time spent in this place.
 D = Time resting spent in this place.
 E = Time spent auto-exploring this place.
 F = Levels seen in this place.
 G = Mean time per level.
                   A        B        C        D        E       F      G
               +--------+--------+--------+--------+--------+-----+--------+
         Total |    694 |    694 |      0 |      0 |    550 |   1 |  694.0 |
       Dungeon |    694 |    694 |      0 |      0 |    550 |   1 |  694.0 |
               +--------+--------+--------+--------+--------+-----+--------+

Top non-repeatable levels by time:
     D:1: 694 daAuts
